 Dungeon Crawl Stone Soup version 0.31.0 (webtiles) character file.

Game seed: 15066456086541022551

84 Destapler the Ruffian (level 4, -2/42 HPs)
             Began as a Troll Shapeshifter on Jan 19, 2024.
             Slain by a gnoll
             ... wielding a +0 club
              (5 damage)
             ... on level 2 of the Dungeon.
             The game lasted 00:02:31 (692 turns).

Destapler the Ruffian (Troll Shapeshifter)           Turns: 692, Time: 00:02:31

Health: -2/42      AC:  4    Str: 22    XL:     4   Next: 23%
Magic:  3/3        EV: 10    Int:  6    God:
Gold:   90         SH:  0    Dex: 11    Spells: 3/3 levels left

rFire   . .          .
                       - Unarmed
rCold   . . .        (no shield)
rNeg    . . .        a - +0 animal skin
rPois   .            (helmet currently unavailable)
rElec   .            (cloak currently unavailable)
rCorr   .            (gloves unavailable)
SInv    .            (boots unavailable)
Will    .....        (no amulet)
Stlth   +            (no ring)
HPRegen 1.07/turn    (no ring)
MPRegen 0.08/turn

%: no passive effects
@: lethally poisoned (-2 -> -4), beast-form
A: beast (slay +2), large, unfitting armour, claws 3, regeneration 1, shaggy fur
1, tough skin 1
a: Begin Untransformation


You were on level 2 of the Dungeon.
You were a hulking beast.
You visited 1 branch of the dungeon, and saw 2 of its levels.

You collected 90 gold pieces.

Inventory:

Armour
 a - a +0 animal skin (worn)
Talismans
 c - a beast talisman (active)
 d - a flux talisman
Scrolls
 f - a scroll of teleportation {unknown}
 g - a scroll of identify {unknown}
 i - a scroll of fog {unknown}


   Skills:
 + Level 1.6 Fighting
 + Level 2.3 Dodging
 + Level 3.6 Unarmed Combat
 + Level 3.5 Shapeshifting


You had 3 spell levels left.
You didn't know any spells.
Your spell library was empty.

Dungeon Overview and Level Annotations

Branches:
Dungeon (2/15)

Altars:


Innate Abilities, Weirdness & Mutations

You are a hulking beast.
Your limbs bulge with bestial killing power. (Slay +2)
You are too large for most types of armour.
You have claws for hands.
Your natural rate of healing is unusually fast.
You are covered in fur. (AC +1)
You have tough skin. (AC +1)


Message History

You closely miss the gnoll.
You feel very sick.
The gnoll hits you from afar with a +2 halberd of venom.
* * * LOW HITPOINT WARNING * * *
You are more poisoned.
The gnoll hits you but does no damage.
You smack the gnoll!
The gnoll is almost dead.
You feel very sick. The gnoll hits you but does no damage.
The gnoll hits you with a +0 whip.
* * * LOW HITPOINT WARNING * * *
You smack the gnoll!
You kill the gnoll!
You feel very sick. The gnoll hits you but does no damage.
The gnoll hits you from afar with a +2 halberd of venom!
* * * LOW HITPOINT WARNING * * *
It was a potion of heal wounds.
You feel much better.
You feel less wooden.
Your +0 animal skin unmelds from your body.
You turn into a hulking beast.
You feel very sick. The gnoll closely misses you.
The gnoll hits you from afar with a +2 halberd of venom!
* * * LOW HITPOINT WARNING * * *
You are lethally poisoned!
It was a potion of curing.
You feel better. The gnoll hits you with a +0 club.
* * * LOW HITPOINT WARNING * * *
The gnoll hits you from afar with a +2 halberd of venom!
* * * LOW HITPOINT WARNING * * *
You are poisoned.
* * * LOW HITPOINT WARNING * * *
You feel very sick.
Items here: ( )))) ††.
* * * LOW HITPOINT WARNING * * *
You feel sick.
* * * LOW HITPOINT WARNING * * *
You feel sick. The gnoll attacks as it pursues you!
The gnoll hits you with a +0 club.
You die...

#............ #
##.#..#####.#.# #
#.#..# .#.#.#
#.#..# .....#
#.#..#####.....##
#.#...)g).......#
#.....)##..!.....
###.##g##.....).#
##.##h###....#.#
#...#.# g...# #
#......# g#.##
#....### .#.#
#.#... g..#
#.##### .# #. #.


You could see 2 gnolls.

Vanquished Creatures
  Robin (D:2)
  2 gnolls (D:2)
  An adder (D:2)
  A ribbon worm (D:2)
  2 ball pythons (D:1)
  5 bats (D:1)
  2 endoplasms
  2 giant cockroaches (D:1)
  10 goblins
  5 hobgoblins
  2 jackals (D:2)
  A frilled lizard (D:1)
  2 rats
36 creatures vanquished.

Notes
Turn   | Place    | Note
-------+----------+-------------------------------------------
     0 | D:1      | Destapler the Troll Shapeshifter began the quest for the
                  | Orb.
     0 | D:1      | Reached XP level 1. HP: 18/18 MP: 0/0
    52 | D:1      | Reached skill level 1 in Fighting
   173 | D:1      | Reached XP level 2. HP: 27/27 MP: 1/1
   280 | D:1      | Found a faded altar of an unknown god.
   532 | D:2      | Reached XP level 3. HP: 33/33 MP: 2/2
   641 | D:2      | Noticed Robin
   680 | D:2      | Killed Robin
   681 | D:2      | Reached XP level 4. HP: 41/41 MP: 3/3
   692 | D:2      | Slain by a gnoll

Illustrated notes

Levels and vault maps discovered:
D:1:      mushboom_english_gardens, layout_basic,
          chequers_ecumenical_altar_simple_redux,
          amcnicky_mini_corridor_feature, minmay_misc_feat_five,
          minmay_pentomino_u2
D:2:      layout_loops_ring, basic_altar, uniq_robin

Skill      XL: |  1  2 |
---------------+-------+-----
Fighting       | 1 |  1.6
Dodging        | 2 |  2.3
Unarmed Combat | |  3.6
Shapeshifting  | |  3.5

Action                     |  1- 3 |  4- 6 || total
---------------------------+-------+-------++-------
  Melee: Unarmed           |    86 |     6 ||    92
    Use: Potion            |     1 |     2 ||     3
 Armour: Animal skin       |    42 |     4 ||    46
         Skin              |    59 |    10 ||    69
  Dodge: Dodged            |    30 |     1 ||    31
   Form: Beast             |     1 |       ||     1
